 Dungeon Crawl Stone Soup version 0.23-a0-143-g1adec7b (webtiles) character file.

33 Gildeon the Digger (level 3, -1/19 HPs)
             Began as a Gargoyle Earth Elementalist on Sept 5, 2018.
             Slain by a gnoll
             ... wielding a +0 club
              (4 damage)
             ... on level 1 of the Dungeon.
             The game lasted 00:04:00 (1085 turns).

Gildeon the Digger (Gargoyle Earth Elementalist)    Turns: 1085, Time: 00:04:01

Health: -1/19      AC:  5    Str: 11    XL:     3   Next: 29%
Magic:  1/6        EV: 11    Int: 16    God:
Gold:   42         SH:  3    Dex: 10    Spells: 1/7 levels left

rFire    . . .     SeeInvis .   e - -2 mace (curse)
rCold    . . .     Gourm    .   a - +0 buckler
rNeg     + . .     Faith    .   c - +0 robe
rPois    ∞         Spirit   .   (no helmet)
rElec    +         Reflect  .   (no cloak)
rCorr    .         Harm     .   (no gloves)
MR       .....                  (no boots)
Stlth    ++........             (no amulet)
HPRegen  0.06/turn              (no ring)
MPRegen  0.10/turn              (no ring)

@: very slightly contaminated
A: negative energy resistance 1, electricity resistance, unbreathing,
petrification resistance, rot immunity, AC +3
a: no special abilities


You were on level 1 of the Dungeon.
You were not hungry.

You visited 1 branch of the dungeon, and saw 2 of its levels.

You collected 42 gold pieces.

Inventory:

Hand Weapons
 e - a cursed -2 mace (weapon)
 f - a +0 whip
Missiles
 b - 73 stones (quivered)
Armour
 a - a +0 buckler (worn)
 c - a +0 robe (worn)
Scrolls
 g - a scroll of blinking
 h - a scroll of teleportation
 k - a scroll of fear
Comestibles
 d - 3 rations


   Skills:
 - Level 1.5 Dodging
 - Level 2.1 Stealth
 + Level 1.5 Shields
 + Level 2.5 Spellcasting
 - Level 0.7 Transmutations
 + Level 4.2 Earth Magic


You had one spell level left.
You knew the following spells:

 Your Spells              Type           Power        Failure   Level  Hunger
a - Sandblast             Erth           ###...       4%          1    #......
b - Passwall              Tmut/Erth      #.......     14%         2    ##.....
c - Stone Arrow           Conj/Erth      #.....       32%         3    ###....

Your spell library contained the following spells:

 Spells                   Type           Power        Failure   Level  Hunger
 Petrify                  Tmut/Erth      #.......     67%         4    #####..
 Lee's Rapid Deconstruct  Erth           ###.......   78%         5    ######.


Dungeon Overview and Level Annotations

Branches:
Dungeon (2/15)

Altars:


Innate Abilities, Weirdness & Mutations

You are resistant to torment.
Your stone body is resilient. (AC +3)
You are immune to poison.
You resist negative energy. (rN+)
You are resistant to electric shocks. (rElec)
You can survive without breathing.
You are immune to petrification.
You are immune to rotting.


Message History

b - 73 stones The gnoll barely misses you.
The gnoll misses you.
Casting: Sandblast (safe; 4% risk of failure)
Confirm with . or Enter, or press ? or * to list all spells.
You don't have enough magic to cast that spell.
Unknown command.
You closely miss the gnoll.
The gnoll is heavily wounded.
You block the gnoll's attack. The gnoll hits you with a club!
The gnoll barely misses you. The gnoll hits you with a club.
* * * LOW HITPOINT WARNING * * *
The gnoll closely misses you.
You climb upwards.
There is a stone staircase leading down here.
You hit the gnoll.
The gnoll is heavily wounded.
The gnoll hits you with a club.
* * * LOW HITPOINT WARNING * * *
The gnoll hits you with a club.
You die...

≈≈≈≈≈.....#............# #.#
...≈≈≈≈....####..###.### #.#
.<..≈≈≈≈≈..# #..##...### #.#
...≈≈≈≈....# ##.....#...# #.#
≈≈≈≈≈.....####.#.##...#.# #.#
≈≈≈..≈...####.###.##.##.# #.#
.≈....≈..8#..## ##...##.####.##
.≈..#.....###.###g#####...#...##
...####......#.#@## #.........#
#.## ###....##g## #.........#
#.# #........# #.........# #.#
#....)#### ##...#...## #.#
#.....# #..###### #.######.#.###
#..# ...........# ####..###
.........#### #.......#
#...........########.##..#.#


You could see 2 gnolls.

Vanquished Creatures
  A gnoll (D:2)
  A dart slug (D:1)
  A leopard gecko (D:1)
  A ball python (D:1)
  3 bats (D:1)
  A giant cockroach (D:1)
  3 goblins (D:1)
  3 hobgoblins (D:1)
  2 frilled lizards (D:1)
  3 kobolds (D:1)
  A rat (D:1)
20 creatures vanquished.

Notes
Turn   | Place    | Note
-------+----------+-------------------------------------------
     0 | D:1      | Gildeon the Gargoyle Earth Elementalist began the quest for
                  | the Orb.
     0 | D:1      | Reached XP level 1. HP: 10/10 MP: 3/3
   404 | D:1      | Reached XP level 2. HP: 15/15 MP: 5/5
   412 | D:1      | Learned a level 2 spell: Passwall
   619 | D:1      | Reached skill level 1 in Shields
   619 | D:1      | Reached skill level 4 in Earth Magic
   934 | D:1      | Reached XP level 3. HP: 19/19 MP: 6/6
   939 | D:1      | Learned a level 3 spell: Stone Arrow
  1085 | D:1      | Slain by a gnoll

Vault maps used:
D:1:      eino_arrival_water_star, st_stairs_7, minmay_misc_feat_rows,
          minmay_misc_feat_room, minmay_door_square
D:2:      cheibrodos_greedy_goblins

Skill      XL: |  1  2 |
---------------+-------+-----
Shields        | 1 |  1.5
Earth Magic    | 4 |  4.2
Dodging        | |  1.5
Stealth        | |  2.1
Spellcasting   | |  2.5
Transmutations | |  0.7

Action                   || total
-------------------------++-------
Melee: Mace              ||    53
 Cast: Sandblast         ||     9
  Use: Scroll            ||     4
 Stab: Sleeping          ||     4
  Eat: Chunk             ||     1
Armor: Robe              ||    18
Dodge: Dodged            ||    37
Block: Buckler           ||     7

Table legend:
 A = Non-vault XP
 B = Vault XP
 C = Vault XP percentage of total XP
 D = Non-vault monster count
 E = Vault monster count
 F = Vault count percentage of total count
                 A         B        C        D         E       F
            +---------+---------+-------+---------+---------+-------
      Total |      45 |       3 |   6.2 |      19 |       1 |   5.0
            +---------+---------+-------+---------+---------+-------
        D:1 |      31 |       3 |   8.8 |      18 |       1 |   5.3
        D:2 |      14 |       0 |   0.0 |       1 |       0 |   0.0
            +---------+---------+-------+---------+---------+-------
